[Event "December 12 Early 2023"]
[Site "https://www.chess.com"]
[Date "2023.12.12"]
[Round "4"]
[White "Jaiveer Mahendru"]
[Black "Szpar, Milosz"]
[Result "0-1"]
[Board "47"]
[TimeControl "180+1"]
[WhiteFideId "25611151"]
[BlackFideId "1184989"]
[WhiteElo "2583"]
[BlackElo "2869"]
[WhiteTeam "IND"]
[BlackTeam "POL"]
[WhiteClock "0:00:21"]
[BlackClock "0:00:41"]

1. e4 c5 2. Nf3 d6 3. d4 cxd4 4. Nxd4 Nf6 5. Nc3 Nc6 6. Bg5 e6 7. Qd2 Be7 8. O-O-O O-O 9. f4 Nxd4 10. Qxd4 Qa5 11. Bc4 Bd7 12. e5 dxe5 13. fxe5 Bc6 14. Bh4 Rad8 15. Qf4 Nh5 16. Qg4 Bxh4 17. Qxh5 Rxd1+ 18. Rxd1 Be7 19. Bd3 g6 20. Qe2 Bb4 21. Ne4 Qxe5 22. c3 Be7 23. Rf1 f5 24. Ng3 Qxe2 25. Nxe2 Bxg2 26. Re1 e5 27. Bc4+ Kg7 28. Nf4 Bg5 0-1

[Event "December 12 Early 2023"]
[Site "https://www.chess.com"]
[Date "2023.12.12"]
[Round "4"]
[White "Kazakouski, Valery"]
[Black "Espinoza Villanueva, Rodrigo"]
[Result "1/2-1/2"]
[Board "48"]
[TimeControl "180+1"]
[WhiteFideId "13507443"]
[BlackFideId "5140188"]
[WhiteElo "2856"]
[BlackElo "2584"]
[WhiteTeam "LTU"]
[BlackTeam "MEX"]
[WhiteClock "0:00:04"]
[BlackClock "0:00:05"]

1. Nf3 Nf6 2. c4 g6 3. g3 Bg7 4. Bg2 O-O 5. O-O d6 6. d4 Nc6 7. Nc3 a6 8. d5 Na5 9. b3 c5 10. dxc6 Nxc6 11. Bb2 Rb8 12. Qc1 Bd7 13. Rd1 b5 14. Nd5 Nxd5 15. Bxg7 Kxg7 16. cxd5 Ne5 17. Nxe5 dxe5 18. Qc3 f6 19. d6 Be6 20. Qc7 Rf7 21. Qc6 a5 22. d7 Bf5 23. e4 Bg4 24. f3 Rb6 25. Qc5 Be6 26. Bf1 b4 27. Rac1 Rd6 28. Rxd6 exd6 29. Qxd6 Qxd7 30. Rc6 Qxd6 31. Rxd6 Bc8 32. Rc6 Bd7 33. Ra6 Be8 34. Rxa5 Rc7 35. Bc4 Bf7 36. Bd5 Bxd5 37. exd5 Kf7 38. Kf2 Ke7 39. Ke3 Kd6 40. h4 Rc3+ 41. Ke2 f5 42. Ra4 Kxd5 43. Rxb4 Rc2+ 44. Ke3 Rxa2 45. Rb7 Rb2 46. Kd3 Rf2 47. Ke3 Rb2 48. b4 Rb3+ 49. Kf2 e4 50. fxe4+ Kxe4 51. Re7+ Kd5 52. Rxh7 Rxb4 53. Rh6 Rb6 54. Kg2 Ke5 55. Kf3 Rb3+ 56. Kg2 Kf6 57. Rh8 Rb2+ 58. Kh3 Rb3 59. Kh2 Rb2+ 60. Kh3 Rb3 61. Kg2 Rb2+ 62. Kf1 Rb4 63. Rf8+ Ke5 64. Re8+ Kf6 65. Re2 Rb3 66. Kf2 g5 67. hxg5+ Kxg5 68. Rd2 Kg4 69. Rd4+ Kg5 70. Rc4 Rb2+ 71. Kf3 Rb3+ 72. Kg2 Rb2+ 73. Kh3 Rb3 74. Rd4 Rc3 75. Rd8 f4 76. Rg8+ Kh6 77. Kg2 Rxg3+ 78. Rxg3 fxg3 79. Kxg3 1/2-1/2

[Event "December 12 Early 2023"]
[Site "https://www.chess.com"]
[Date "2023.12.12"]
[Round "4"]
[White "Bettalli, Francesco"]
[Black "Corrales Jimenez, Fidel"]
[Result "0-1"]
[Board "49"]
[TimeControl "180+1"]
[WhiteFideId "2816453"]
[BlackFideId "3506690"]
[WhiteElo "2583"]
[BlackElo "2850"]
[WhiteTeam "ITA"]
[BlackTeam "USA"]
[WhiteClock "0:00:04"]
[BlackClock "0:00:06"]

1. e4 c5 2. Nc3 Nc6 3. Nf3 g6 4. Bb5 Bg7 5. O-O Nd4 6. Nxd4 cxd4 7. Ne2 e6 8. d3 Ne7 9. f4 Qb6 10. Ba4 O-O 11. Qe1 d5 12. e5 f6 13. exf6 Bxf6 14. g4 Rf7 15. Ng3 Bg7 16. h4 e5 17. fxe5 Rxf1+ 18. Qxf1 Bxg4 19. Bg5 Rf8 20. Qg2 Bf3 21. Qh3 Nf5 22. Nxf5 Rxf5 23. Rf1 h6 24. Rxf3 Rxf3 25. Qxf3 Qa5 26. Bb3 hxg5 27. Bxd5+ Kh7 28. hxg5 Qe1+ 29. Kg2 Qd2+ 30. Kh3 Qxg5 31. e6 Be5 32. Qf7+ Kh6 33. Qf8+ Kh7 34. Qf7+ Kh6 35. Qf8+ Kh7 36. Qf3 Qg1 37. Qf7+ Kh6 38. Qf8+ Kg5 39. Qe7+ Bf6 40. Qd6 Qg4+ 41. Kh2 Kh4 42. Bg2 Bg5 43. Qf8 Bf4+ 44. Kg1 Be3+ 45. Kh2 Bf4+ 46. Kg1 Kg3 47. Qh8 Be3+ 48. Kh1 Qd1+ 49. Bf1 Qxf1# 0-1

[Event "December 12 Early 2023"]
[Site "https://www.chess.com"]
[Date "2023.12.12"]
[Round "4"]
[White "Putnam, Liam"]
[Black "Taboas Rodriguez, Daniel"]
[Result "1-0"]
[Board "50"]
[TimeControl "180+1"]
[WhiteFideId "30938279"]
[BlackFideId "2208466"]
[WhiteElo "2839"]
[BlackElo "2582"]
[WhiteTeam "USA"]
[BlackTeam "ESP"]
[WhiteClock "0:01:05"]
[BlackClock "0:00:00"]

1. e4 e5 2. Nf3 Nc6 3. Bb5 Nf6 4. O-O Nxe4 5. d4 Nd6 6. Ba4 e4 7. Ne5 Be7 8. Nc3 O-O 9. Nd5 Bf6 10. Bf4 Re8 11. Qh5 g6 12. Qh3 Nxd4 13. Ng4 Bg7 14. Bh6 N6f5 15. Bxg7 Kxg7 16. Rad1 Re6 17. Qc3 c5 18. Qxc5 Ne2+ 19. Kh1 h5 20. Nge3 d6 21. Nxf5+ gxf5 22. Qe3 Qa5 23. Bb3 1-0

[Event "December 12 Early 2023"]
[Site "https://www.chess.com"]
[Date "2023.12.12"]
[Round "4"]
[White "Finek, Vaclav"]
[Black "Iskusnyh, Sergei"]
[Result "1-0"]
[Board "51"]
[TimeControl "180+1"]
[WhiteFideId "23718293"]
[BlackFideId "4120027"]
[WhiteElo "2837"]
[BlackElo "2581"]
[WhiteTeam "CZE"]
[BlackTeam "RUS"]
[WhiteClock "0:00:08"]
[BlackClock "0:00:01"]

1. d4 d5 2. Nf3 Nf6 3. c4 c6 4. Qc2 dxc4 5. Qxc4 Bf5 6. g3 e6 7. Bg2 Be7 8. O-O O-O 9. e3 Nbd7 10. Rd1 Rc8 11. Qe2 c5 12. Nc3 cxd4 13. Nxd4 Bg4 14. f3 Bh5 15. e4 Qc7 16. Be3 a6 17. Rac1 Qb8 18. g4 Bg6 19. g5 Nh5 20. Nxe6 fxe6 21. Rxd7 Bc5 22. Bxc5 Rxc5 23. Qe3 b6 24. Ne2 Be8 25. Rxc5 Bxd7 26. Rc2 Bb5 27. Ng3 Nf4 28. Bf1 Bxf1 29. Kxf1 Qe5 30. Qxb6 Qxg5 31. Qxa6 Qh4 32. Qc4 Qh3+ 33. Kg1 h5 34. Qf1 Qh4 35. Rc5 Qf6 36. Rc2 h4 37. Ne2 Qg5+ 38. Kh1 Nd3 39. Ng1 Qe3 40. Qe2 Qd4 41. Rd2 Rd8 42. Nh3 Qc4 43. b3 Qc1+ 44. Rd1 Qc3 45. Kg2 Kh8 46. Kf1 Rd7 47. Nf2 Ne5 48. Rxd7 Nxd7 49. Qd3 Qa1+ 50. Kg2 Ne5 51. Qd8+ Kh7 52. Qxh4+ Kg8 53. Qg3 Nf7 54. Qb8+ Kh7 55. Qe8 Nh6 56. Qxe6 Qxa2 57. Qd5 Ng8 58. e5 Ne7 59. Qe4+ Kg8 60. b4 Qb2 61. e6 g6 62. h4 Kg7 63. f4 Kf8 64. Kf3 Nf5 65. Nd3 Qh2 66. Qa8+ Ke7 67. Qb7+ Kxe6 68. Qc6+ Kf7 69. Ne5+ Ke7 70. Nxg6+ Kd8 71. Qd5+ Kc7 72. Qxf5 Qh1+ 73. Kg4 Qg2+ 74. Kh5 Qe2+ 75. Qg4 Qc2 76. Ne5 Qh7+ 77. Kg5 Qg7+ 78. Ng6 Qg8 79. Qf5 Kb6 80. Qc5+ 1-0

[Event "December 12 Early 2023"]
[Site "https://www.chess.com"]
[Date "2023.12.12"]
[Round "4"]
[White "Kozusek, Daniel"]
[Black "Materia, Marco"]
[Result "0-1"]
[Board "52"]
[TimeControl "180+1"]
[WhiteFideId "349500"]
[BlackFideId "45150451"]
[WhiteElo "2576"]
[BlackElo "2826"]
[WhiteTeam "WLS"]
[BlackTeam "FRA"]
[WhiteClock "0:01:46"]
[BlackClock "0:02:03"]

1. d4 Nf6 2. c4 e6 3. Nf3 d5 4. Nc3 Be7 5. Bf4 O-O 6. e3 Nbd7 7. c5 c6 8. Bd3 b6 9. b4 bxc5 10. bxc5 Qa5 11. Qd2 Ba6 12. Nxd5 Qxd2+ 13. Kxd2 Nxd5 14. Bxa6 Nxf4 15. exf4 Rfd8 16. Kc3 Rab8 17. Rab1 Nf6 18. Bc4 Ne4+ 19. Kc2 Nxf2 20. Rxb8 Rxb8 21. Rf1 Ng4 22. Kc3 Ne3 23. Rf2 Nd1+ 0-1

[Event "December 12 Early 2023"]
[Site "https://www.chess.com"]
[Date "2023.12.12"]
[Round "4"]
[White "Kunin, Vitaly"]
[Black "Yeremyan, Alen"]
[Result "0-1"]
[Board "53"]
[TimeControl "180+1"]
[WhiteFideId "4128737"]
[BlackFideId "13308998"]
[WhiteElo "2571"]
[BlackElo "2823"]
[WhiteTeam "GER"]
[BlackTeam "ARM"]
[WhiteClock "0:00:00"]
[BlackClock "0:01:40"]

1. e4 Nf6 2. d3 d6 3. Nd2 g6 4. Ngf3 Bg7 5. Be2 O-O 6. c3 e5 7. O-O h6 8. h3 Nc6 9. Qc2 a5 10. Rd1 Nd7 11. Nf1 Nc5 12. Ng3 f5 13. exf5 gxf5 14. d4 f4 15. Nh5 Bf5 16. Qd2 Ne4 17. Qe1 Qe8 18. Nxg7 Kxg7 19. dxe5 dxe5 20. Nh4 Bh7 21. Bd3 Nd6 22. Bxh7 Kxh7 23. Qe2 Rg8 24. Rxd6 cxd6 25. Qd3+ Kh8 26. Qxd6 Qh5 27. Nf3 Rad8 28. Qe6 Rg6 0-1

[Event "December 12 Early 2023"]
[Site "https://www.chess.com"]
[Date "2023.12.12"]
[Round "4"]
[White "Postlmayer, Jakob"]
[Black "Koelle, Tobias"]
[Result "0-1"]
[Board "54"]
[TimeControl "180+1"]
[WhiteFideId "1643622"]
[BlackFideId "16207378"]
[WhiteElo "2570"]
[BlackElo "2823"]
[WhiteTeam "AUT"]
[BlackTeam "GER"]
[WhiteClock "0:01:53"]
[BlackClock "0:01:49"]

1. Nf3 Nf6 2. c4 b6 3. g3 Bb7 4. Bg2 g6 5. O-O Bg7 6. d4 O-O 7. d5 Na6 8. Nc3 Nc5 9. Qc2 e6 10. e4 exd5 11. exd5 Re8 12. Bf4 Nh5 13. Bg5 Bf6 14. Be3 Rxe3 15. fxe3 Qe7 16. Rae1 d6 17. e4 Nd7 18. Bh3 Ne5 19. Nxe5 Bxe5 20. Ne2 Qg5 21. Kh1 Bc8 22. Bxc8 Rxc8 23. Qc1 Qg4 24. Nf4 Re8 25. Nxh5 Qxh5 26. b4 Bxg3 0-1

[Event "December 12 Early 2023"]
[Site "https://www.chess.com"]
[Date "2023.12.12"]
[Round "4"]
[White "Brodsky, David"]
[Black "Aghasiyev, Kamal"]
[Result "1/2-1/2"]
[Board "55"]
[TimeControl "180+1"]
[WhiteFideId "2073250"]
[BlackFideId "13402854"]
[WhiteElo "2820"]
[BlackElo "2569"]
[WhiteTeam "USA"]
[BlackTeam "AZE"]
[WhiteClock "0:00:04"]
[BlackClock "0:00:26"]

1. d4 d5 2. Nf3 Nf6 3. Bf4 e6 4. e3 Bd6 5. Nbd2 O-O 6. Ne5 c5 7. c3 Qc7 8. Bd3 Nbd7 9. Ndf3 Ne4 10. Qc2 f5 11. Nxd7 Bxd7 12. Bxd6 Qxd6 13. Bxe4 fxe4 14. Ne5 Bb5 15. O-O-O cxd4 16. exd4 Rac8 17. Kb1 Rf6 18. f3 Rcf8 19. Rhe1 exf3 20. Nxf3 Be8 21. Ka1 Bg6 22. Qb3 b6 23. Re5 Be4 24. Ng5 Bf5 25. a3 h6 26. Nf3 Be4 27. Re1 Rg6 28. Nh4 Rgf6 29. Nf3 Rg6 30. Nh4 Rgf6 31. Nf3 1/2-1/2

[Event "December 12 Early 2023"]
[Site "https://www.chess.com"]
[Date "2023.12.12"]
[Round "4"]
[White "Farahat, Ali"]
[Black "Mikhailovsky, Vladimir"]
[Result "0-1"]
[Board "56"]
[TimeControl "180+1"]
[WhiteFideId "10600507"]
[BlackFideId "34105414"]
[WhiteElo "2562"]
[BlackElo "2807"]
[WhiteTeam "USA"]
[BlackTeam "RUS"]
[WhiteClock "0:00:19"]
[BlackClock "0:00:06"]

1. d4 d6 2. e4 Nf6 3. Nc3 e5 4. dxe5 dxe5 5. Qxd8+ Kxd8 6. Bg5 Be6 7. f4 exf4 8. Nge2 Nd7 9. O-O-O h6 10. Bxf6+ gxf6 11. Nd4 c6 12. g3 fxg3 13. hxg3 Kc7 14. Bh3 Re8 15. Nf5 Ne5 16. Ne2 Bc5 17. c3 Bxa2 18. b4 Bb6 19. Nd6 Rd8 20. Nf5 Bc4 21. Ned4 Nd3+ 22. Rxd3 Bxd3 23. Bg2 Rde8 24. Rh4 Bxd4 25. cxd4 h5 26. Kd2 Bc4 27. Ke3 Be6 28. Kf4 Bxf5 29. Kxf5 Reg8 30. Rh3 Rh6 31. Bf3 Kd6 32. Kf4 Ke7 33. Bxh5 Rg5 34. g4 Rb5 35. Ra3 a6 36. Ra4 Rh8 37. Ke3 Rd8 38. Kd3 c5 39. bxc5 Rxc5 40. Rb4 b5 41. Rb1 Rc4 42. d5 Rdc8 43. Ra1 Ra4 44. Rf1 Rcc4 45. e5 Rd4+ 46. Kc3 Rac4+ 47. Kb3 Rd3+ 48. Kb2 fxe5 49. Rxf7+ Kd6 50. Rf6+ Kc5 51. Rxa6 Rxd5 52. Ra8 Rd2+ 53. Kb1 Rf4 54. Rc8+ Kb4 55. Rc1 Rff2 56. Bg6 Rb2+ 57. Ka1 Ra2+ 58. Kb1 Rfb2# 0-1

[Event "December 12 Early 2023"]
[Site "https://www.chess.com"]
[Date "2023.12.12"]
[Round "4"]
[White "Klukin, Kirill"]
[Black "Shuvalov, Evgenij"]
[Result "1-0"]
[Board "57"]
[TimeControl "180+1"]
[WhiteFideId "24199273"]
[BlackFideId "4187237"]
[WhiteElo "2804"]
[BlackElo "2561"]
[WhiteTeam "RUS"]
[BlackTeam "FID"]
[WhiteClock "0:00:30"]
[BlackClock "0:00:00"]

1. d4 Nf6 2. Nf3 g6 3. e3 Bg7 4. Be2 O-O 5. O-O d5 6. b4 Bg4 7. Bb2 Nbd7 8. Nbd2 e6 9. c4 c6 10. a4 dxc4 11. Nxc4 Nd5 12. Qb3 Qc7 13. Rfc1 Rfe8 14. h3 Bxf3 15. Bxf3 N7b6 16. Na5 Qd7 17. Rd1 Rab8 18. Rac1 f5 19. Ba3 Kh8 20. Rc2 Rec8 21. Rdc1 h6 22. Nc4 Nxc4 23. Qxc4 a6 24. b5 axb5 25. axb5 cxb5 26. Qxc8+ Rxc8 27. Rxc8+ Kh7 28. Bxd5 Qxd5 29. R1c7 g5 30. Bf8 Kg6 31. Bxg7 f4 32. exf4 gxf4 33. Be5 Qe4 34. Rg7+ Kh5 35. Rg4 Qe1+ 36. Kh2 Qxf2 37. Rxf4 Qe2 38. Rg8 b4 39. Bf6 1-0

[Event "December 12 Early 2023"]
[Site "https://www.chess.com"]
[Date "2023.12.12"]
[Round "4"]
[White "Flores Quillas, Diego Saul Rodri"]
[Black "Kushagra Mohan"]
[Result "1-0"]
[Board "58"]
[TimeControl "180+1"]
[WhiteFideId "3822508"]
[BlackFideId "25033638"]
[WhiteElo "2549"]
[BlackElo "2802"]
[WhiteTeam "PER"]
[BlackTeam "IND"]
[WhiteClock "0:00:17"]
[BlackClock "0:00:11"]

1. e4 e5 2. Nf3 Nc6 3. Bb5 a6 4. Ba4 Nf6 5. d3 d6 6. h3 g6 7. Nc3 Bg7 8. a3 O-O 9. O-O h6 10. Bb3 Nd7 11. Be3 Kh7 12. d4 f5 13. exf5 gxf5 14. dxe5 dxe5 15. Qd5 Qe8 16. Rfe1 e4 17. Bf4 Qh5 18. Nh2 Nf6 19. Qc5 Qg6 20. Rad1 Nh5 21. Bxc7 f4 22. Rd6 Nf6 23. Nxe4 Bxh3 24. Nxf6+ Rxf6 25. Bd5 Nd4 26. Rxf6 Bxf6 27. Bxf4 Bf5 28. c3 Rc8 29. Qb6 Nc2 30. Qxb7+ Kh8 31. Re2 Rf8 32. Be4 Rd8 33. Nf1 Na1 34. Bxf5 Qxf5 35. Bxh6 Nc2 36. Ng3 Rd1+ 37. Kh2 Qg6 38. Qc8+ Kh7 39. Qh3 Qxh6 40. Qxh6+ Kxh6 41. Rxc2 Kg6 42. Ne4 Be5+ 43. g3 Re1 44. Nc5 a5 45. Nd3 1-0

[Event "December 12 Early 2023"]
[Site "https://www.chess.com"]
[Date "2023.12.12"]
[Round "4"]
[White "Yelisieiev, Yevhenii"]
[Black "Korchmar, Vasiliy"]
[Result "1-0"]
[Board "59"]
[TimeControl "180+1"]
[WhiteFideId "14139642"]
[BlackFideId "24131750"]
[WhiteElo "2559"]
[BlackElo "2797"]
[WhiteTeam "GER"]
[BlackTeam "RUS"]
[WhiteClock "0:00:15"]
[BlackClock "0:00:01"]

1. d4 Nf6 2. Nf3 d5 3. c4 e6 4. Nc3 dxc4 5. e4 b5 6. e5 Nd5 7. Nxb5 Nb6 8. Be2 Qd7 9. a4 Bb7 10. O-O a5 11. Be3 Nc6 12. Nd2 Be7 13. Rc1 O-O 14. Nxc4 Nd5 15. Nd2 Ncb4 16. Nb3 Nxe3 17. fxe3 Rfc8 18. Nc5 Bxc5 19. Rxc5 Be4 20. Bf3 Bxf3 21. Qxf3 Rab8 22. Rfc1 c6 23. Nd6 Rf8 24. Rxa5 f6 25. Qe4 fxe5 26. dxe5 Nd5 27. Rf1 Rxf1+ 28. Kxf1 Qd8 29. Ra7 Qg5 30. Nc4 Rf8+ 31. Kg1 Qh5 32. h3 Qd1+ 33. Kh2 Qe2 34. Qg4 Qd3 35. Qxg7# 1-0

[Event "December 12 Early 2023"]
[Site "https://www.chess.com"]
[Date "2023.12.12"]
[Round "4"]
[White "Dragnev, Valentin"]
[Black "Kononenko, Dmitry"]
[Result "1-0"]
[Board "60"]
[TimeControl "180+1"]
[WhiteFideId "1634852"]
[BlackFideId "14113538"]
[WhiteElo "2797"]
[BlackElo "2549"]
[WhiteTeam "AUT"]
[BlackTeam "UKR"]
[WhiteClock "0:00:25"]
[BlackClock "0:00:00"]

1. d4 d5 2. Nf3 Nf6 3. Bf4 c6 4. e3 Qb6 5. b3 Bg4 6. Be2 Nbd7 7. h3 Bxf3 8. Bxf3 Ne4 9. O-O e6 10. Bxe4 dxe4 11. Nd2 Nf6 12. Be5 Bb4 13. Bxf6 Bxd2 14. Bxg7 Rg8 15. Bf6 Bc3 16. Qh5 Bxa1 17. Qxh7 Rf8 18. Bg7 O-O-O 19. Bxf8 Rxf8 20. Rxa1 Qa5 21. Qxe4 Qc3 22. Rf1 Rg8 23. a4 a6 24. g3 Kb8 25. Kg2 Qb4 26. h4 Qe7 27. h5 Ka8 28. h6 f5 29. Qe5 Rg6 30. Rh1 Qh7 31. Qf4 Rg4 32. Qd6 Rg6 33. b4 Ka7 34. Qc5+ Ka8 35. b5 cxb5 36. axb5 e5 37. b6 Rg8 38. Qxe5 f4 39. Qxf4 Qxc2 40. h7 Rh8 41. Rh6 Qc8 42. d5 Qd8 43. e4 a5 44. Qd2 Kb8 45. Qxa5 Qg5 46. Qa7+ Kc8 47. Qa8+ Kd7 48. Qxb7+ Ke8 49. Qc8+ Kf7 50. Qxh8 Qxh6 51. Qg8+ Ke7 52. Qe6+ Qxe6 53. dxe6 Kd6 54. h8=Q Kc5 55. b7 Kb5 56. b8=Q+ Kc6 57. e7 1-0

[Event "December 12 Early 2023"]
[Site "https://www.chess.com"]
[Date "2023.12.12"]
[Round "4"]
[White "Dragun, Kamil"]
[Black "Karas, Marek"]
[Result "1-0"]
[Board "61"]
[TimeControl "180+1"]
[WhiteFideId "1134167"]
[BlackFideId "14928558"]
[WhiteElo "2790"]
[BlackElo "2549"]
[WhiteTeam "POL"]
[BlackTeam "CZE"]
[WhiteClock "0:00:53"]
[BlackClock "0:00:00"]

1. d4 Nf6 2. c4 e6 3. Nf3 d5 4. Nc3 a6 5. c5 b6 6. cxb6 cxb6 7. Bf4 Bd6 8. Bxd6 Qxd6 9. e3 O-O 10. Bd3 Nbd7 11. O-O Bb7 12. Rc1 b5 13. a4 b4 14. Nb1 Rac8 15. Qe2 Ne4 16. Nbd2 Rxc1 17. Rxc1 Nxd2 18. Qxd2 Rc8 19. Rxc8+ Bxc8 20. Qc2 Bb7 21. Bxh7+ Kf8 22. Bd3 Qc6 23. Qxc6 Bxc6 24. b3 a5 25. Ne5 Nxe5 26. dxe5 f6 27. f4 fxe5 28. fxe5 Be8 29. h4 Bh5 30. Bc2 Kf7 31. Kf2 Bg4 32. Kg3 Be2 33. Kf4 Bf1 34. g4 Be2 35. h5 Kf8 36. Kg5 Kf7 37. Kh4 Bf3 38. g5 Be2 39. h6 gxh6 40. gxh6 Bf3 41. Kg5 Be2 42. Bg6+ Kg8 43. Bh5 Bd3 44. Bg4 Kf7 45. Bh5+ Kg8 46. Kf6 Bc2 47. Bf7+ Kh7 48. Bxe6 Bxb3 49. e4 Bxa4 50. exd5 b3 51. d6 b2 52. Bf5+ Kxh6 53. e6 Be8 54. d7 Bxd7 55. exd7 1-0

[Event "December 12 Early 2023"]
[Site "https://www.chess.com"]
[Date "2023.12.12"]
[Round "4"]
[White "Tatarinov, Dmitry"]
[Black "Santos Flores, Alberto"]
[Result "1/2-1/2"]
[Board "62"]
[TimeControl "180+1"]
[WhiteFideId "24160067"]
[BlackFideId "3601234"]
[WhiteElo "2785"]
[BlackElo "2549"]
[WhiteTeam "RUS"]
[BlackTeam "ECU"]
[WhiteClock "0:01:17"]
[BlackClock "0:00:28"]

1. Nf3 Nf6 2. g3 d5 3. Bg2 Bf5 4. O-O c6 5. d3 h6 6. Nbd2 e6 7. b3 a5 8. Bb2 a4 9. c4 Nbd7 10. Qc2 Be7 11. Rfe1 Bh7 12. Ne5 Nxe5 13. Bxe5 O-O 14. Rab1 axb3 15. axb3 Nd7 16. Bc3 Bf6 17. b4 Bxc3 18. Qxc3 Qf6 19. Qxf6 Nxf6 20. cxd5 cxd5 21. Nb3 Rfc8 22. Rec1 Kf8 23. f4 Ke7 24. Nd4 Kd7 25. Bf3 Rxc1+ 26. Rxc1 Ra2 27. g4 Rb2 28. Nc2 g5 29. fxg5 hxg5 30. Kf2 Kd6 31. Ke3 e5 32. Kd2 e4 33. dxe4 dxe4 34. Bh1 e3+ 35. Kc3 Rxc2+ 36. Rxc2 Bxc2 37. Kxc2 Nxg4 38. h3 Nf2 39. Bxb7 Nxh3 40. Kd3 Nf4+ 41. Kxe3 Nd5+ 42. Ke4 Nxb4 43. Kf5 Nc2 44. Kxg5 Ke5 45. Kg4 Nd4 46. Ba6 Ke4 47. Bd3+ Ke3 48. Kg5 Nxe2 49. Bxe2 Kxe2 50. Kf6 Ke3 51. Kxf7 1/2-1/2

[Event "December 12 Early 2023"]
[Site "https://www.chess.com"]
[Date "2023.12.12"]
[Round "4"]
[White "Mendez Fortes, Eduardo Jesus"]
[Black "Lagarde, Maxime"]
[Result "1/2-1/2"]
[Board "63"]
[TimeControl "180+1"]
[WhiteFideId "3502376"]
[BlackFideId "662399"]
[WhiteElo "2613"]
[BlackElo "2775"]
[WhiteTeam "CUB"]
[BlackTeam "FRA"]
[WhiteClock "0:01:44"]
[BlackClock "0:00:47"]

1. e4 Nc6 2. Nf3 e5 3. Bb5 a6 4. Ba4 Nf6 5. O-O Be7 6. Re1 b5 7. Bb3 O-O 8. c3 d6 9. h3 Bb7 10. d4 Re8 11. Nbd2 Bf8 12. a3 h6 13. Bc2 a5 14. a4 exd4 15. axb5 dxc3 16. bxc3 Ne5 17. c4 Nxf3+ 18. Qxf3 g6 19. Bb2 Bg7 20. Bc3 a4 21. Rxa4 Rxa4 22. Bxa4 Nxe4 23. Nxe4 Rxe4 24. Rxe4 Bxe4 25. Qxe4 Bxc3 26. Qe3 Bg7 27. Bc2 h5 28. Be4 Be5 29. Bd5 Kg7 30. Qf3 Qe7 31. g3 Bd4 32. Kg2 Qf6 33. Qxf6+ Kxf6 34. f4 Bb6 35. Kf3 Kg7 36. g4 hxg4+ 37. hxg4 f5 1/2-1/2

[Event "December 12 Early 2023"]
[Site "https://www.chess.com"]
[Date "2023.12.12"]
[Round "4"]
[White "Shuvalova, Polina"]
[Black "Jimenez Almeida, Luis David"]
[Result "1-0"]
[Board "64"]
[TimeControl "180+1"]
[WhiteFideId "24171760"]
[BlackFideId "22242244"]
[WhiteElo "2772"]
[BlackElo "2539"]
[WhiteTeam "RUS"]
[BlackTeam "ESP"]
[WhiteClock "0:00:14"]
[BlackClock "0:00:02"]

1. e4 c5 2. Nf3 d6 3. Bb5+ Bd7 4. Bxd7+ Nxd7 5. O-O Ngf6 6. Qe2 e5 7. c3 Be7 8. d4 Qc7 9. d5 a6 10. c4 O-O 11. Nc3 g6 12. Bh6 Rfe8 13. h3 Rab8 14. a4 Bf8 15. Be3 Nh5 16. Nd2 Qd8 17. Rab1 a5 18. g3 Be7 19. h4 Ng7 20. Qd3 f5 21. f4 fxe4 22. Ndxe4 Nf5 23. Rbe1 Bxh4 24. gxh4 Qxh4 25. Re2 exf4 26. Bxf4 Ne5 27. Bxe5 Rxe5 28. Rg2 Rf8 29. Ng3 Nd4 30. Rxf8+ Kxf8 31. Nce4 Kg7 32. Rf2 Qg4 33. Kh2 h5 34. Nxd6 h4 35. Nge4 Nf5 36. Nxf5+ Rxf5 37. Rxf5 Qxf5 38. Qc3+ Kh7 39. Nf6+ Kh6 40. Qe3+ g5 41. Ne4 Kg6 42. b3 Qe5+ 43. Kh3 b6 44. Qd3 Qf5+ 45. Kg2 Qg4+ 46. Kh2 Qf4+ 47. Kg2 Qg4+ 48. Kf2 Qf4+ 49. Ke2 Kh6 50. Nf2 Qe5+ 51. Qe3 Qb2+ 52. Kf3 Qf6+ 53. Kg2 Qf5 54. Qf3 Qe5 55. Ng4+ 1-0

[Event "December 12 Early 2023"]
[Site "https://www.chess.com"]
[Date "2023.12.12"]
[Round "4"]
[White "Gan-Erdene, Sugar"]
[Black "Hirneise, Jens"]
[Result "1-0"]
[Board "65"]
[TimeControl "180+1"]
[WhiteFideId "4902980"]
[BlackFideId "24614734"]
[WhiteElo "2768"]
[BlackElo "2538"]
[WhiteTeam "MGL"]
[BlackTeam "GER"]
[WhiteClock "0:01:18"]
[BlackClock "0:00:21"]

1. e4 Nf6 2. e5 Nd5 3. d4 d6 4. Nf3 dxe5 5. Nxe5 g6 6. c4 Nf6 7. Nc3 Bg7 8. Be2 O-O 9. O-O c6 10. Be3 Bf5 11. Qb3 Qc8 12. Rac1 Nbd7 13. f4 h5 14. Bf3 Nxe5 15. fxe5 Ng4 16. Bg5 f6 17. exf6 exf6 18. Bf4 g5 19. Bd6 Re8 20. Rfe1 Qd7 21. c5+ Kh7 22. h3 Nh6 23. Bxh5 Bg6 24. Bxg6+ Kxg6 25. d5 Nf5 26. Qc2 Kf7 27. dxc6 bxc6 28. Ne4 Nh4 29. Qc4+ Kg6 30. Ng3 Rxe1+ 31. Rxe1 Re8 32. Qd3+ Kf7 33. Rf1 Qe6 34. Kh2 Qxa2 35. Rf2 Kg8 36. Nh5 Qe6 37. Bg3 Qf7 38. Nxg7 Qxg7 39. Bxh4 gxh4 40. Qc4+ Qf7 41. Qxh4 Kg7 42. Rf3 Re5 43. Rg3+ 1-0

[Event "December 12 Early 2023"]
[Site "https://www.chess.com"]
[Date "2023.12.12"]
[Round "4"]
[White "Colbow, Collin"]
[Black "Goh, Wei Ming Kevin"]
[Result "0-1"]
[Board "66"]
[TimeControl "180+1"]
[WhiteFideId "16201132"]
[BlackFideId "5800706"]
[WhiteElo "2536"]
[BlackElo "2758"]
[WhiteTeam "GER"]
[BlackTeam "SGP"]
[WhiteClock "0:00:00"]
[BlackClock "0:01:46"]

1. b3 e5 2. Bb2 Nc6 3. e3 Nf6 4. c4 d5 5. cxd5 Nxd5 6. Nc3 Ndb4 7. Qb1 Nd4 8. exd4 exd4 9. Qe4+ Be7 10. Nb5 f5 11. Qe5 O-O 12. Bc4+ Kh8 13. O-O-O c6 14. Nc7 Bf6 15. Qg3 b5 16. Nxa8 bxc4 17. Qc7 Nd3+ 18. Kb1 Qd5 0-1

[Event "December 12 Early 2023"]
[Site "https://www.chess.com"]
[Date "2023.12.12"]
[Round "4"]
[White "Gormally, Daniel W"]
[Black "Eilers, Stefan"]
[Result "1-0"]
[Board "67"]
[TimeControl "180+1"]
[WhiteFideId "406465"]
[BlackFideId "4609565"]
[WhiteElo "2758"]
[BlackElo "2534"]
[WhiteTeam "ENG"]
[BlackTeam "GER"]
[WhiteClock "0:01:49"]
[BlackClock "0:00:28"]

1. d4 d5 2. c4 e6 3. Nf3 c5 4. cxd5 exd5 5. Nc3 Nc6 6. g3 c4 7. Bg2 Bb4 8. O-O Nge7 9. e4 O-O 10. Nxd5 Nxd5 11. exd5 Qxd5 12. Ne5 Qb5 13. a4 Qa6 14. Nxc6 bxc6 15. Qf3 Bd7 16. Be3 Rac8 17. Rfc1 Be6 18. Bf1 Bd5 19. Qf5 Rfd8 20. b3 Be6 21. Qf3 Qa5 22. Bxc4 Bc3 23. Bxe6 fxe6 24. Rab1 Bxd4 25. Bxd4 Rxd4 26. Rxc6 Rf8 27. Qe3 Rd2 28. Qxe6+ Kh8 29. Rf1 Qd8 30. Qe3 a5 31. Rc5 Rd3 32. Qe5 Rxb3 33. Rxa5 Ra3 34. Ra7 Rg8 35. Rb1 h6 36. Rxg7 Rxg7 37. Rb8 Qxb8 38. Qxb8+ 1-0

[Event "December 12 Early 2023"]
[Site "https://www.chess.com"]
[Date "2023.12.12"]
[Round "4"]
[White "Skatchkov, Valery"]
[Black "Haug, Havard"]
[Result "1-0"]
[Board "68"]
[TimeControl "180+1"]
[WhiteFideId "24195812"]
[BlackFideId "1547887"]
[WhiteElo "2620"]
[BlackElo "2754"]
[WhiteTeam "RUS"]
[BlackTeam "NOR"]
[WhiteClock "0:01:18"]
[BlackClock "0:01:21"]

1. d4 d5 2. c4 e6 3. Nf3 c5 4. cxd5 exd5 5. g3 Nf6 6. Bg2 Nc6 7. Nc3 Be7 8. O-O O-O 9. dxc5 Bxc5 10. Bg5 d4 11. Ne4 Be7 12. Nxf6+ Bxf6 13. Bxf6 Qxf6 14. b4 Nxb4 15. Qxd4 Qe7 16. Rab1 Nc6 17. Qe3 Be6 18. Ng5 Nb8 19. Bxb7 Nd7 20. Bxa8 Rxa8 21. Qe4 Qxg5 22. Qxa8+ Nf8 23. Rb8 Qc5 24. Rxf8+ Qxf8 25. Qxf8+ Kxf8 26. a3 Bc4 27. Rc1 Bxe2 28. Rc8+ Ke7 29. Rc7+ Ke6 30. Rxa7 g5 31. Ra8 h5 32. Re8+ Kf5 33. Rxe2 Kg4 34. Kg2 h4 35. h3+ Kh5 36. g4+ Kg6 37. a4 f6 38. f3 Kf7 39. a5 Kg6 40. a6 Kf7 41. a7 Kg6 42. a8=Q Kf7 43. Qb7+ Kg6 44. Qc6 Kg7 45. Qc1 Kf7 46. Qh1 Kg8 47. Qh2 Kf7 48. Qc7+ Kg8 49. Re8# 1-0